 Dungeon Crawl Stone Soup version 0.30-a0-12-gd8047c6341 (webtiles) character file.

Game seed: 3158418128420140758

991 IdlyInterested the Charlatan (level 7, -1/53 HPs)
             Began as a Demonspawn Wanderer on Aug 23, 2022.
             Slain by a black bear (5 damage)
             ... on level 5 of the Dungeon.
             The game lasted 00:15:55 (4943 turns).

IdlyInterested the Charlatan (Demonspawn Wanderer)  Turns: 4943, Time: 00:15:55

Health: -1/53      AC:  9    Str: 14    XL:     7   Next: 98%
Magic:  20/20      EV: 12    Int: 13    God:
Gold:   414        SH:  0    Dex: 13    Spells: 11/12 levels left

rFire   . . .      SeeInvis .    a - +2 hand axe (elec)
rCold   . . .      Faith    .    (no shield)
rNeg    . . .      Spirit   .    e - +2 troll leather armour {Pargi}
rPois   .          Reflect  .    (no helmet)
rElec   .          Harm     .    (no cloak)
rCorr   .          Rampage  .    j - +0 pair of gloves
Will    .....                    (no boots)
Stlth   ++........               (no amulet)
HPRegen 0.97/turn                q - ring of magical power
MPRegen 0.17/turn                (no ring)

@: marked
A: claws 1, yellow scales 1, powered by death 2
a: no special abilities


You were on level 5 of the Dungeon.
You visited 2 branches of the dungeon, and saw 6 of its levels.
You also visited: Sewer.

You collected 414 gold pieces.

Inventory:

Hand Weapons
 a - a +2 hand axe of electrocution (weapon)
 g - a +0 flail
 h - a +2 spear of flaming
 t - a +0 war axe
Missiles
 n - 8 poisoned darts
 r - 3 boomerangs
Armour
 e - a +2 troll leather armour (worn) {Pargi}
 j - a +0 pair of gloves (worn)
 v - a +2 ring mail of cold resistance
Jewellery
 q - a ring of magical power (left hand)
Wands
 d - a wand of paralysis (8)
 i - a wand of light (15)
 o - a wand of polymorph (6)
Scrolls
 b - 3 scrolls of teleportation
 c - 2 scrolls of summoning
 k - a scroll of torment
 l - 3 scrolls of amnesia
 p - 2 scrolls of fear
Potions
 f - 2 potions of curing
 m - 2 potions of might
 s - a potion of ambrosia {unknown}
 u - a potion of magic


   Skills:
 + Level 3.9 Fighting
 + Level 2.6(3.1) Axes
 - Level 2.2(2.9) Maces & Flails
 - Level 2.0 Throwing
 - Level 2.0 Armour
 - Level 2.0 Dodging
 - Level 2.0 Stealth
 * Level 1.5 Shields
 - Level 2.0 Unarmed Combat
 - Level 3.0 Spellcasting
 + Level 3.8 Hexes
 - Level 4.0 Evocations


You had 11 spell levels left.
You knew the following spells:

 Your Spells              Type           Power      Damage    Failure   Level
a - Slow                  Hex            44%        N/A       6%          1

Your spell library contained the following spells:

 Spells                   Type           Power      Damage    Failure   Level
 Portal Projectile        Hex/Tloc       12%        N/A       36%         3
 Conjure Flame            Conj/Fire      1%         6-21      63%         3
 Ignite Poison            Fire/Tmut/Pois 1%         N/A       63%         3
 Hailstorm                Conj/Ice       1%         3d3       95%         4
 Ice Form                 Ice/Tmut       1%         N/A       95%         4
 Sticky Flame             Conj/Fire      1%         2d3       95%         4
 Simulacrum               Ice/Necr       0%         N/A       100%        6


Dungeon Overview and Level Annotations

Branches:
Dungeon (5/15)             Temple (1/1) D:5           Sewer (visited)

Altars:
Ashenzari
Cheibriados
Dithmenos
Fedhas
Gozag
Hepliaklqana
Kikubaaqudgha
Makhleb
Nemelex Xobeh
Okawaru
Qazlal
Ru
Sif Muna
Trog
Uskayaw
Vehumet
Wu Jian
Xom


Innate Abilities, Weirdness & Mutations

You have sharp fingernails.
You are partially covered in yellow scales. (AC +2)
You regenerate health from kills.


Message History

The black bear bites you.
The black bear claws you but does no damage.
The black bear closely misses you. The iguana bites you!
The orc hits you but does no damage.
You hit the black bear.
The black bear is severely wounded.
You hit the iguana. Lightning courses through the iguana!
You kill the iguana!
You completely miss the orc. The black bear barely misses you.
The black bear claws you.
The black bear claws you but does no damage.
The orc barely misses you.
You hit the black bear.
The black bear is severely wounded.
You hit the orc but do no damage. You closely miss the orc.
The orc closely misses you.
The black bear goes berserk!
The orc misses you.
You hit the black bear.
The black bear is severely wounded.
You hit the orc. You hit the orc but do no damage. The black bear bites you.
The black bear claws you but does no damage. x2
The orc hits you but does no damage. The orc closely misses you.
The black bear bites you! The black bear misses you.
The black bear claws you but does no damage.
You completely miss the black bear.
The black bear is severely wounded.
You hit the orc but do no damage. x2; The black bear bites you!
The black bear claws you but does no damage.
The black bear barely misses you. The orc hits you but does no damage. x2
You closely miss the black bear.
The black bear is severely wounded.
You barely miss the orc. You hit the orc. The black bear bites you.
The black bear claws you.
* * * LOW HITPOINT WARNING * * *
The black bear completely misses you. The orc hits you but does no damage.
The orc misses you. The black bear bites you!
* * * LOW HITPOINT WARNING * * *
The black bear claws you but does no damage. x2
The black bear attacks as you move away!
The black bear bites you.
You die...

#.## #.## #.##
#.## ##### #.##
#....# #.##
##.$.$.## #.##
#...$..o########
#.#
#..$...h@......#
#.#
#...$..o#......#
#.#
##.$.$.##......#
#.# #.$..#
#......# #.#
####+ #......#
#.# #..†...# #.#
###'#### #.##
#.# ###### #...
#.###....###...


You could see a black bear (berserk) and 2 orcs.

Vanquished Creatures
  Pargi (Sewer)
  3 phantoms
  A bullfrog (D:5)
  A necrophage (D:5)
  2 scorpions
  A hound (D:5)
  An orc priest (D:3)
  2 iguanas (D:5)
  An orc wizard (D:3)
  4 gnolls (D:5)
  14 adders
  A white imp (D:5)
  An ufetubus (D:5)
  2 worms
  2 dart slugs
  16 orcs
  4 ball pythons
  7 bats
  8 endoplasms
  6 giant cockroaches
  6 goblins
  5 hobgoblins
  5 jackals
  8 quokkas
  2 frilled lizards
  8 kobolds
  6 rats
  A spectral kobold (D:1)
119 creatures vanquished.

Vanquished Creatures (others)
  A plant (D:4)
1 creature vanquished.

Grand Total: 120 creatures vanquished

Notes
Turn   | Place    | Note
-------+----------+-------------------------------------------
     0 | D:1      | IdlyInterested the Demonspawn Wanderer began the quest for
                  | the Orb.
     0 | D:1      | IdlyInterested set off with the following items: a +0 club,
                  | a +0 scale mail, a scroll of summoning, a wand of paralysis
                  | (11); and the following spell memorised: Slow; and the
                  | following spells available to memorise: Portal Projectile.
     0 | D:1      | Reached XP level 1. HP: 13/13 MP: 3/3
   669 | D:1      | Gained mutation: You regenerate a little health from kills.
                  | [demonic ancestry]
   669 | D:1      | Reached XP level 2. HP: 15/20 MP: 5/5
   891 | D:1      | Reached skill level 1 in Fighting
  1264 | D:1      | Found a faded altar of an unknown god.
  1696 | D:2      | Reached XP level 3. HP: 19/26 MP: 6/6
  1870 | D:2      | Reached skill level 1 in Maces & Flails
  2522 | D:2      | Gained mutation: You have sharp fingernails. [demonic
                  | ancestry]
  2522 | D:2      | Reached XP level 4. HP: 32/33 MP: 7/7
  2756 | D:3      | Reached skill level 1 in Unarmed Combat
  2756 | D:3      | Gained mutation: You are partially covered in yellow
                  | scales. (AC +2) [demonic ancestry]
  2756 | D:3      | Reached XP level 5. HP: 19/39 MP: 8/8
  2827 | D:3      | Found a glowing drain.
  2846 | Sewer    | Entered a sewer
  2900 | Sewer    | Noticed Pargi
  2913 | Sewer    | Killed Pargi
  3166 | D:3      | Reached XP level 6. HP: 44/47 MP: 9/9
  3387 | D:3      | Found a snail-covered altar of Cheibriados.
  3464 | D:3      | Found a shimmering blue altar of Sif Muna.
  3738 | D:4      | Reached skill level 1 in Stealth
  3879 | D:4      | Reached skill level 1 in Axes
  3970 | D:4      | Gained mutation: You regenerate health from kills. [demonic
                  | ancestry]
  3970 | D:4      | Reached XP level 7. HP: 37/52 MP: 11/11
  4356 | D:5      | Entered Level 5 of the Dungeon
  4408 | D:5      | Found a staircase to the Ecumenical Temple.
  4436 | D:5      | Reached skill level 1 in Dodging
  4595 | Temple   | Entered the Ecumenical Temple
  4883 | D:5      | Reached skill level 1 in Shields
  4943 | D:5      | Slain by a black bear

Illustrated notes

Levels and vault maps discovered:
D:1:      dpeg_arrival_more_subterranean_lakeside_camping, layout_basic,
          dreamdust_ecumenical_altar_drowned_temple,
          chequers_serial_rivers_room_a
D:2:      layout_basic
D:3:      layout_rooms, mainiacjoe_overflow_swirl, cheibrodos_sewer_entry_drain,
          serial_rivers, chequers_serial_rivers_room_b,
          chequers_serial_rivers_large_a, chequers_serial_rivers_marsh,
          chequers_serial_rivers_small_a, grunt_ministairs_2
D:4:      layout_basic, serial_bayou_crossing
D:5:      minmay_polygon_palace, layout_basic, minmay_temple_entry_mist
Temple:   hellmonk_temple_of_storms

Skill      XL: |  1  2  3  4  5  6  7 |
---------------+----------------------+-----
Armour         | 2 |  2.0
Fighting       | 1 2 3 |  3.9
Maces & Flails | 1 2 |  2.2
Throwing       | 2 |  2.0
Hexes          | 2 3 |  3.8
Unarmed Combat | 1 2 |  2.0
Stealth        | 2 |  2.0
Axes           | 1 2 |  2.6
Spellcasting   | 3 |  3.0
Dodging        | 2 |  2.0
Shields        | 1 |  1.5
Evocations     | |  4.0

Action                   |  1- 3 |  4- 6 |  7- 9 || total
-------------------------+-------+-------+-------++-------
Melee: Club              |    59 |       |       ||    59
       Whip              |    51 |       |       ||    51
       Hand axe          |    61 |   181 |    67 ||   309
       Punch             |       |     2 |     2 ||     4
Evoke: Wand              |     3 |       |       ||     3
  Use: Scroll            |       |     9 |     4 ||    13
 Stab: Paralysed         |     7 |       |       ||     7
       Sleeping          |       |     1 |     2 ||     3
       Distracted        |       |     1 |       ||     1
Armor: Scale mail        |   107 |       |       ||   107
       Ring mail         |     7 |    48 |       ||    55
       Troll leather arm |       |    52 |    41 ||    93
Dodge: Dodged            |    96 |   149 |    61 ||   306

Table legend: (Time is in decaauts)
 A = Elapsed time spent in this place.
 B = Non-inter-level travel time spent in this place.
 C = Inter-level travel time spent in this place.
 D = Time resting spent in this place.
 E = Time spent auto-exploring this place.
 F = Levels seen in this place.
 G = Mean time per level.
                   A        B        C        D        E       F      G
               +--------+--------+--------+--------+--------+-----+--------+
         Total |   5083 |   4602 |    481 |    632 |   2504 |   7 |  726.1 |
       Dungeon |   4817 |   4342 |    475 |    614 |   2486 |   5 |  963.4 |
        Temple |     39 |     33 |      6 |      0 |     18 |   1 |   39.0 |
         Sewer |    226 |    226 |      0 |     18 |      0 |   1 |  226.0 |
               +--------+--------+--------+--------+--------+-----+--------+

Top non-repeatable levels by time:
     D:1: 1678 daAuts
     D:2: 1117 daAuts
     D:4: 879 daAuts
     D:3: 709 daAuts
     D:5: 433 daAuts
   Sewer: 226 daAuts
  Temple: 39 daAuts
